 Dungeon Sprint DCSS version 0.25.1-2-g60ff931df9 (webtiles) character file.

Game seed: 8352575426404185338

315 jbtxwes the Shield-Bearer (level 6, -2/61 HPs)
             Began as a Deep Dwarf Fighter on Nov 20, 2020.
             Was a Follower of Makhleb.
             Slain by a red ugly thing (6 damage)
             ... in the Dungeon (Sprint IX: "|||||||||||||||||||||||||||||").
             The game lasted 00:05:30 (617 turns).

jbtxwes the Shield-Bearer (Deep Dwarf Fighter)       Turns: 617, Time: 00:05:31

Health: -2/61      AC: 14    Str: 21    XL:     6   Next: 20%
Magic:  5/5        EV:  8    Int:  9    God:    Makhleb [*.....]
Gold:   0          SH: 12    Dex: 18    Spells: 5/5 levels left

rFire    . . .     SeeInvis .   o - +2 scimitar of Dithmenos's Envy {speed, +Blink rN+}
rCold    . . .     Gourm    .   c - +0 kite shield
rNeg     + . .     Faith    .   s - +1 chain mail
rPois    .         Spirit   .   (no helmet)
rElec    .         Reflect  .   r - +0 cloak
rCorr    .         Harm     .   q - +0 pair of gloves
MR       .....     NoTele   +   (no boots)
Stlth    ..........             (no amulet)
HPRegen  0.00/turn              t - +3 ring of dexterity
MPRegen  0.09/turn              u - +3 ring of dexterity

@: non-regenerating
A: damage resistance, heal wounds, sense surroundings 1, no regeneration
a: Heal Wounds, Renounce Religion, Evoke Blink


You were in the Dungeon.
You worshipped Makhleb.
Makhleb was aware of your devotion.
You were not hungry.

You visited 1 branch

Inventory:

Hand Weapons
 a - a +0 war axe
 o - the +2 scimitar of Dithmenos's Envy (weapon) {speed, +Blink rN+}
   (You found it in the Dungeon)

   Attacks with this weapon are significantly faster.
   It protects you from negative energy.
   It lets you blink.
 p - a +3 war axe of freezing
Armour
 b - a +0 scale mail
 c - a +0 kite shield (worn)
 q - a +0 pair of gloves (worn)
 r - a +0 cloak (worn)
 s - a +1 chain mail (worn)
Jewellery
 t - a +3 ring of dexterity (left hand)
 u - a +3 ring of dexterity (right hand)
Wands
 n - a wand of iceblast (10)
Scrolls
 k - 2 scrolls of blinking
 l - 3 scrolls of remove curse
 m - 2 scrolls of amnesia
Potions
 d - a potion of invisibility
 e - 4 potions of curing
 g - 2 potions of heal wounds
 h - a potion of haste
 i - 4 potions of magic
 j - a potion of berserk rage
Comestibles
 f - a ration


   Skills:
 + Level 5.5 Fighting
 + Level 4.0 Long Blades
 + Level 6.9 Axes
 + Level 7.3 Armour
 + Level 3.1 Dodging
 + Level 7.9 Shields


You had 5 spell levels left.
You didn't know any spells.
Your spell library was empty.

Dungeon Overview and Level Annotations

Branches:
Dungeon (1/1)

Altars:
Cheibriados
Dithmenos
Elyvilon
Fedhas
Gozag
Hepliaklqana
Kikubaaqudgha
Makhleb
Nemelex Xobeh
Okawaru
Qazlal
Ru
Sif Muna
Trog
Uskayaw
Vehumet
Wu Jian
Xom
Yredelemnul
Zin
The Shining One
Beogh
Jiyva
Lugonu


Innate Abilities, Weirdness & Mutations

You are resistant to damage.
You can heal yourself by infusing magical energy.
You passively map a small area around you.
You do not regenerate.


Message History

Your magical essence is drained by the effort!
You feel much better. The red ugly thing bites you!
* * * LOW HITPOINT WARNING * * *
You are engulfed in flames!
* * * LOW HITPOINT WARNING * * *
You slash the red ugly thing!
The red ugly thing is moderately wounded.
The red ugly thing bites you but does no damage.
You hit the red ugly thing but do no damage.
The red ugly thing is moderately wounded.
The red ugly thing barely misses you.
You slash the red ugly thing!
The red ugly thing is heavily wounded.
You block the red ugly thing's attack.
You slash the red ugly thing!
The red ugly thing is heavily wounded.
You slash the red ugly thing!
The red ugly thing is severely wounded.
The red ugly thing bites you!
You die...

*,
*,▓.▓
* ▓.▓
▓)▓ ,
, ▓.▓
▓.▓ ,
▓.▓ *
* ▓.▓
* ▓.▓
* ▓@▓
*
,▓u▓
, ▓c▓
*,
▓O▓ *
,▓F▓
* *
▓a▓ *
▓.▓
▓.▓ *
*+


You could see a red ugly thing, a centaur warrior, a two-headed ogre, a bullfrog
and a worker ant.

Vanquished Creatures
  A steam dragon (D)
  A big kobold (D)
  A wight (D)
  A crimson imp (D)
  A howler monkey (D)
  A worker ant (D)
  A gnoll (D)
  A leopard gecko (D)
  An orc (D)
  A bat zombie (D)
  A giant cockroach (D)
  A goblin (D)
  A jackal (D)
  2 kobolds (D)
  A rat (D)
16 creatures vanquished.

Vanquished Creatures (others)
  A leopard gecko (D)
1 creature vanquished.

Grand Total: 17 creatures vanquished

Notes
Turn   | Place    | Note
-------+----------+-------------------------------------------
     0 | D        | jbtxwes the Deep Dwarf Fighter began the quest for the Orb.
     0 | D        | Reached XP level 1. HP: 20/20 MP: 1/1
   122 | D        | Noticed a worker ant
   122 | D        | Noticed a crimson imp
   122 | D        | Noticed a howler monkey
   126 | D        | Reached XP level 2. HP: 28/28 MP: 2/2
   139 | D        | Reached skill level 5 in Armour
   139 | D        | Reached skill level 5 in Shields
   139 | D        | Reached XP level 3. HP: 18/36 MP: 3/3
   141 | D        | Reached skill level 1 in Dodging
   141 | D        | Reached XP level 4. HP: 22/45 MP: 4/4
   486 | D        | Found a roughly hewn altar of Beogh.
   486 | D        | Found a snail-covered altar of Cheibriados.
   486 | D        | Found a shadowy altar of Dithmenos.
   486 | D        | Found a white marble altar of Elyvilon.
   486 | D        | Found a blossoming altar of Fedhas.
   486 | D        | Found an opulent altar of Gozag.
   487 | D        | Found a hazy altar of Hepliaklqana.
   488 | D        | Found a viscous altar of Jiyva.
   489 | D        | Found an ancient bone altar of Kikubaaqudgha.
   490 | D        | Found a corrupted altar of Lugonu.
   491 | D        | Found a burning altar of Makhleb.
   492 | D        | Found a sparkling altar of Nemelex Xobeh.
   493 | D        | Found an iron altar of Okawaru.
   494 | D        | Found a stormy altar of Qazlal.
   495 | D        | Found a sacrificial altar of Ru.
   496 | D        | Found a shimmering blue altar of Sif Muna.
   497 | D        | Found a bloodstained altar of Trog.
   498 | D        | Found a hide-covered altar of Uskayaw.
   499 | D        | Became a worshipper of Makhleb the Destroyer
   500 | D        | Found a radiant altar of Vehumet.
   501 | D        | Found an ornate altar of the Wu Jian Council.
   502 | D        | Found a shimmering altar of Xom.
   503 | D        | Found a basalt altar of Yredelemnul.
   504 | D        | Found a glowing silver altar of Zin.
   505 | D        | Found a glowing golden altar of the Shining One.
   522 | D        | Got the +2 scimitar of Dithmenos's Envy {speed, +Blink rN+}
   556 | D        | Noticed a big kobold
   556 | D        | Noticed a steam dragon
   580 | D        | Killed a big kobold
   580 | D        | Reached skill level 5 in Fighting
   580 | D        | Reached skill level 1 in Long Blades
   580 | D        | Reached skill level 5 in Axes
   580 | D        | Reached XP level 5. HP: 34/52 MP: 5/5
   593 | D        | Killed a steam dragon
   593 | D        | Reached * piety under Makhleb
   593 | D        | Reached XP level 6. HP: 29/61 MP: 6/6
   608 | D        | Noticed a red ugly thing
   608 | D        | Noticed a centaur warrior
   608 | D        | Noticed a two-headed ogre
   617 | D        | Slain by a red ugly thing

Illustrated notes

Levels and vault maps discovered:
D:        linesprint [early_d, line_temple, items_1, d_10, items_2, lair_1,
          lair_end, items_3, orc_1, orc_end, items_4, d_15, swamp_1, shoals_1,
          snake_1, spider_1, d_20, vaults_1, items_5, swamp_end, shoals_end,
          snake_end, spider_end, vaults_end, d_27, items_6, zot_1, zot_end,
          crypt_end, forest_end, elf_end, slime_end, tomb_end, abyss_end,
          pan_hell_end]

Skill      XL: |  1  2  3  4  5  6 |
---------------+-------------------+-----
Fighting       | 3 4 5 |  5.5
Armour         | 4 5 6 7 |  7.3
Shields        | 4 5 7 |  7.9
Axes           | 3 4 5 6 |  6.9
Dodging        | 1 2 3 |  3.1
Long Blades    | 1 3 4 |  4.0

Action                   |  1- 3 |  4- 6 || total
-------------------------+-------+-------++-------
Melee: War axe           |    29 |     6 ||    35
       Scimitar          |       |    47 ||    47
 Abil: Heal Wounds       |       |     1 ||     1
  Use: Potion            |     1 |     2 ||     3
Armor: Scale mail        |    13 |     1 ||    14
       Chain mail        |       |    19 ||    19
Dodge: Dodged            |    13 |    10 ||    23
Block: Kite shield       |    20 |    18 ||    38
       Rpst.: Scimitar   |       |     2 ||     2
